 Dungeon Crawl Stone Soup version 0.17-a0-913-g36eb389 (webtiles) character file.

130 drasked the Chucker (level 5, 0/50 HPs)
             Began as an Ogre Hunter on May 3, 2015.
             Slain by an orc
             ... wielding a +0 flail
              (7 damage)
             ... on level 3 of the Dungeon.
             The game lasted 00:11:56 (3558 turns).

drasked the Chucker (Ogre Hunter)                   Turns: 3558, Time: 00:11:57

Health: 0/50       AC:  3    Str: 18    XL:     5   Next: 13%
Magic:  5/5        EV: 10    Int: 10    God:
Gold:   62         SH:  0    Dex: 10    Spells: 0 memorised, 4 levels left

rFire  . . .     SeeInvis .     p - +0 mace
rCold  . . .     Clarity  .     d - +0 robe
rNeg   . . .     SustAb   .     (no shield)
rPois  .         Gourm    .     (helmet restricted)
rElec  .         Spirit   .     (no cloak)
rCorr  .         Warding  .     (gloves unavailable)
rMut   .         Stasis   .     (boots unavailable)
MR     .....                    (no amulet)
Stlth  +.........               (no ring)
                                (no ring)

@: not resistant to hostile enchantments, very unstealthy
A: unfitting armour, tough skin 1
a: no special abilities


You were on level 3 of the Dungeon.
You were not hungry.

You visited 1 branch of the dungeon, and saw 3 of its levels.

You collected 62 gold pieces.

Inventory:

Hand weapons
 p - a +0 mace (weapon)
   (You found it on level 2 of the Dungeon)
Missiles
 c - 2 throwing nets {=f, !d}
 r - 34 stones (quivered)
Armour
 d - a +0 robe (worn)
Jewellery
 h - an uncursed amulet of warding {unknown}
   (You found it on level 1 of the Dungeon)
 s - an uncursed ring of stealth {unknown}
   (You found it on level 2 of the Dungeon)
Scrolls
 a - a scroll of teleportation {unknown}
 g - 4 scrolls of identify {unknown}
 i - a scroll of fear {unknown}
 k - a scroll of enchant weapon {unknown}
 l - a scroll of remove curse {unknown}
 q - 2 scrolls of noise {unknown}
Potions
 f - 2 potions of magic {unknown}
 j - a potion of curing {unknown}
 n - 2 potions of lignification {unknown}
 t - a potion of agility {unknown}
Comestibles
 e - a bread ration {@e1}
 m - 2 meat rations {@e2}
 o - a beef jerky


   Skills:
 - Level 2.6 Fighting
 * Level 4.2 Maces & Flails
 + Level 5.2 Throwing
 - Level 2.2 Dodging
 - Level 1.4 Stealth


You had 4 spell levels left.
You didn't know any spells.

Dungeon Overview and Level Annotations

Branches:
Dungeon (3/15)

Altars:


Innate Abilities, Weirdness & Mutations

You are too large for most types of armour.
You have tough skin (AC +1).


Message History

Aim: a goblin, wielding a hunting sling (heavily wounded)
You throw a stone. The stone barely misses the goblin.
Aim: a goblin, wielding a hunting sling (heavily wounded)
You throw a stone. The stone hits the goblin.
You kill the goblin!
Aim: a rat You throw a stone.
The stone closely misses the rat.
Aim: a rat You throw a stone.
The stone hits the rat but does no damage.
You hit the rat.
You kill the rat!
r - 17 stones (gained 3)
r - 18 stones (gained 1)
Found a stone staircase leading down.
r - 41 stones (gained 23)
Things that are here:
a hunting sling; a goblin corpse An orc comes into view.
It is wielding a flail.
The orc shouts!
An orc comes into view. It is wielding a flail.
Aim: an orc, wielding a flail and wearing a chain mail You throw a stone.
The orc shouts!
The stone hits the orc but does no damage.
The orc moves out of view.
An orc comes into view. It is wielding a flail.
Aim: an orc, wielding a flail and wearing a chain mail You throw a stone.
The orc shouts!
The stone hits the orc.
An orc comes into view. It is wielding a short sword.
Aim: an orc, wielding a flail and wearing a chain mail (moderately wounded)
You throw a stone. The stone barely misses the orc.
The orc shouts!
The stone hits the orc but does no damage.
Aim: an orc, wielding a flail and wearing a chain mail (moderately wounded)
You throw a stone. The stone barely misses the orc.
Aim: an orc, wielding a flail and wearing a leather armour You throw a stone.
The stone hits the orc but does no damage.
Health restored: 50
Aim: an orc, wielding a flail and wearing a leather armour You throw a stone.
The stone hits the orc but does no damage.
Aim: an orc, wielding a flail and wearing a chain mail (moderately wounded)
You throw a stone.
The stone hits the orc but does no damage.
Things that are here:
a hunting sling; a goblin corpse You closely miss the orc.
The orc hits you with a short sword.
You take 6 damage, and have 44/50 hp.
You barely miss the orc. The orc hits you with a short sword.
You take 1 damage, and have 43/50 hp.
You see here a rat corpse.
You hit the orc but do no damage. The orc closely misses you.
You hit the orc. The orc hits you with a short sword.
You take 2 damage, and have 42/50 hp.
You hit the orc. The orc misses you.
You closely miss the orc. The orc hits you but does no damage.
The orc hits you with a flail.
You take 6 damage, and have 36/50 hp.
You hit the orc.
You kill the orc!
You closely miss the orc. The orc barely misses you.
You hit the orc. The orc hits you with a flail. The orc barely misses you.
You take 5 damage, and have 32/50 hp.
You closely miss the orc. The orc closely misses you.
The orc hits you with a flail!
You take 11 damage, and have 21/50 hp.
MASSIVE DAMAGE!!
Quiver which item? (- for none, * to show all) (? for menu, Esc to quit)
Quivering
b - 4 large rocks {!d} for throwing.
Aim: an orc, wielding a flail and wearing a chain mail (almost dead)
You throw a large rock {!d}. The large rock {!d} hits the orc!
You kill the orc!
The orc barely misses you.
Aim: an orc, wielding a flail You throw a large rock {!d}.
The large rock {!d} hits the orc!
You kill the orc!
The orc hits you with a flail!
* * * LOW HITPOINT WARNING * * *
You take 8 damage, and have 13/50 hp.
Aim: an orc, wielding a flail and wearing a leather armour You throw a large rock {!d}.
The large rock {!d} barely misses the orc.
The orc hits you with a flail!
* * * LOW HITPOINT WARNING * * *
You take 7 damage, and have 6/50 hp.
Aim: an orc, wielding a flail and wearing a leather armour You throw a large rock {!d}.
The large rock {!d} closely misses the orc.
The orc hits you but does no damage.
Aim: an orc, wielding a flail and wearing a leather armour
Okay, then.
Drink which item? (? for menu, Esc to quit)
Okay, then.
You barely miss the orc. The orc hits you with a flail!
You die...

#o# ...#####.# ...
#....(.)# ....
#####...## #.....
###.#.†## .......
#.#.##..##.......
#....#(##.......
#....#)o.........
#....###@.........
#....###.........
##..).##..#.....
##.........####
#...........##
####...#..#..##
#######..##<....####
....................#
#######.#............


You could see an orc.

Vanquished Creatures
  Terence (D:2)
  3 adders (D:2)
  3 worms
  A giant gecko (D:1)
  3 orcs (D:3)
  A ball python (D:3)
  8 bats
  5 giant cockroaches
  8 hobgoblins
  4 jackals (D:1)
  2 giant newts
  8 goblins
  7 kobolds
  A quokka (D:2)
  12 rats
67 creatures vanquished.

Notes
Turn   | Place    | Note
--------------------------------------------------------------
     0 | D:1      | drasked, the Ogre Hunter, began the quest for the Orb.
     0 | D:1      | Reached XP level 1. HP: 22/22 MP: 1/1
   196 | D:1      | Reached skill level 2 in Dodging
   196 | D:1      | Reached skill level 1 in Stealth
   228 | D:1      | Reached XP level 2. HP: 13/29 MP: 2/2
   232 | D:1      | HP: 7/29 [jackal (2)]
   266 | D:1      | HP: 6/29 [goblin (4)]
   964 | D:1      | Reached skill level 1 in Maces & Flails
   998 | D:1      | Reached XP level 3. HP: 17/36 MP: 3/3
  1014 | D:1      | HP: 7/36 [goblin/dagger (4)]
  1017 | D:1      | HP: 3/36 [goblin/dagger (4)]
  1419 | D:1      | Reached skill level 2 in Maces & Flails
  2537 | D:2      | Reached skill level 3 in Maces & Flails
  2537 | D:2      | Reached XP level 4. HP: 44/44 MP: 4/4
  2887 | D:2      | Noticed Terence
  2895 | D:2      | Killed Terence
  2895 | D:2      | Reached skill level 5 in Throwing
  2987 | D:2      | Reached skill level 4 in Maces & Flails
  3206 | D:2      | Reached XP level 5. HP: 50/50 MP: 5/5
  3555 | D:3      | HP: 6/50 [orc/flail (7)]
  3558 | D:3      | Slain by an orc

Action                   |  1- 3 |  4- 6 || total
-------------------------+-------+-------++-------
Melee: Short sword       |   125 |       ||   125
       Club              |   171 |       ||   171
       Mace              |     8 |    56 ||    64
Throw: Stone             |    82 |    50 ||   132
       Large rock        |     5 |    10 ||    15
 Stab: Sleeping          |     1 |       ||     1
  Eat: Chunk             |     6 |     3 ||     9

Vault maps used:
D:1:      saegor_arrival_under_anarchy, serial_forest,
          infiniplex_forest_lined_corner, infiniplex_forest_side_room,
          infiniplex_forest_lined_3, infiniplex_forest_straight_4,
          infiniplex_forest_clump_curved
D:2:      kennysheep_another_room, hangedman_glass_teeth, grunt_decor_arrowhead,
          uniq_terence
D:3:      lemuel_coloured_pillars_altar

Table legend:
 A = Turns spent in this place as a percentage of turns spent in the entire game.
 B = Non-inter-level travel turns spent in this place as a percentage of non-inter-level travel turns spent in the entire game.
 C = Inter-level travel turns spent in this place as a percentage of turns spent in this place.
 D = Turns resting spent in this place as a percentage of non-inter-level travel turns spent in this place.
 E = Turns spent auto-exploring this place as a percentage of non-inter-level travel turns spent in this place.
 F = Non-inter-level travel turns spent in this place divided by the number of levels of this place that you've seen.
                   A       B       C       D       E      F
               +-------+-------+-------+-------+-------+----------------------
         Total | 100.0 | 100.0 |   0.9 |   2.5 |   8.7 | 368.7
       Dungeon | 100.0 | 100.0 |   0.9 |   2.5 |   8.7 | 368.7
               +-------+-------+-------+-------+-------+----------------------

Table legend:
 A = Kills in this place as a percentage of kills in entire the game.
 B = Kills by you in this place as a percentage of kills by you in the entire game.
 C = Kills by friends in this place as a percentage of kills by friends in the entire game.
 D = Other kills in this place as a percentage of other kills in the entire game.
 E = Experience gained in this place as a percentage of experience gained in the entire game.
 F = Experience gained in this place divided by the number of levels of this place that you have seen.
                   A       B       C       D       E      F
               +-------+-------+-------+-------+-------+----------------------
         Total | 100.0 | 100.0 |  -nan |  -nan | 100.0 |  62.0
       Dungeon | 100.0 | 100.0 |  -nan |  -nan | 100.0 |  62.0
               +-------+-------+-------+-------+-------+----------------------
